 Dungeon Crawl Stone Soup version 0.28-a0-973-ga7f8b01 (webtiles) character file.

Game seed: 6641822961606937232

97 Dorkslayer the Skirmisher (level 4, -3/40 HPs)
             Began as a Hill Orc Fighter on Dec 1, 2021.
             Slain by Crazy Yiuf (5 damage)
             ... on level 3 of the Dungeon.
             The game lasted 00:04:31 (1782 turns).

Dorkslayer the Skirmisher (Hill Orc Fighter)        Turns: 1782, Time: 00:04:32

Health: -3/40      AC:  8    Str: 20    XL:     4   Next: 68%
Magic:  4/4        EV:  9    Int:  8    God:
Gold:   55         SH:  4    Dex: 10    Spells: 3/3 levels left

rFire   . . .      SeeInvis .   a - +0 war axe
rCold   + . .      Faith    .   c - +0 buckler
rNeg    . . .      Spirit   .   b - +0 scale mail
rPois   .          Reflect  .   k - +0 helmet
rElec   .          Harm     .   (no cloak)
rCorr   .          Rampage  .   (no gloves)
Will    .....                   (no boots)
Stlth   ..........              (no amulet)
HPRegen 0.13/turn               g - ring of protection from cold
MPRegen 0.09/turn               (no ring)

@: mighty
A: no striking features
a: no special abilities


You were on level 3 of the Dungeon.
You visited 1 branch of the dungeon, and saw 3 of its levels.

You collected 55 gold pieces.

Inventory:

Hand Weapons
 a - a +0 war axe (weapon)
Missiles
 h - 5 javelins
 l - 4 curare-tipped darts (quivered)
 p - 12 poisoned darts
Armour
 b - a +0 scale mail (worn)
 c - a +0 buckler (worn)
 k - a +0 helmet (worn)
Jewellery
 g - a ring of protection from cold (left hand)
Scrolls
 e - 2 scrolls of teleportation
 j - a scroll of noise {unknown}
Potions
 d - a potion of might
 f - a potion of curing {unknown}
 i - a potion of lignification {unknown}
 m - a potion of resistance
 n - a potion of degeneration {unknown}
 o - a potion of attraction {unknown}


   Skills:
 + Level 4.1 Fighting
 + Level 3.9 Axes
 + Level 1.3 Throwing
 + Level 3.8 Armour
 + Level 0.3 Dodging
 + Level 0.2 Stealth
 + Level 3.8 Shields


You had 3 spell levels left.
You didn't know any spells.
Your spell library was empty.

Dungeon Overview and Level Annotations

Branches:
Dungeon (3/15)

Altars:

Annotations:
D:3 Crazy Yiuf


Message History

A hobgoblin comes into view.
You hit the hobgoblin.
The hobgoblin is moderately wounded.
The hobgoblin barely misses you.
You barely miss the hobgoblin.
The hobgoblin is lightly wounded.
The hobgoblin hits you but does no damage.
You hit the hobgoblin.
The hobgoblin is almost dead.
The hobgoblin hits you but does no damage.
The hobgoblin barely misses you.
You hit the hobgoblin.
You kill the hobgoblin!
You see here a hobgoblin corpse.
Found a mace.
Found a runed translucent door.
Crazy Yiuf sings, "Trees, trees, trees, circus!"
You feel very mighty all of a sudden.
Crazy Yiuf says, "Mountain!"
You open the door. You closely miss Crazy Yiuf.
Crazy Yiuf hits you with a +2 quarterstaff of chaos!
You are electrocuted!!
You slash Crazy Yiuf!
Crazy Yiuf is heavily wounded.
Crazy Yiuf waves his quarterstaff at you.
You block Crazy Yiuf's attack.
You barely miss Crazy Yiuf.
Crazy Yiuf is heavily wounded.
Crazy Yiuf hits you with a +2 quarterstaff of chaos.
* * * LOW HITPOINT WARNING * * *
Crazy Yiuf freezes you.
* * * LOW HITPOINT WARNING * * *
You hit Crazy Yiuf.
Crazy Yiuf is severely wounded.
Crazy Yiuf laughs, "Scoff!
Island Hive broken."
Crazy Yiuf hits you with a +2 quarterstaff of chaos!
* * * LOW HITPOINT WARNING * * *
You feel mightier all of a sudden.
Crazy Yiuf hits you with a +2 quarterstaff of chaos.
You die...

#..B..# .#
#.....# ♣♣♣♣♣##
.###.....# ###
♣♣♣.♣...###
.........#
#...#♣..♣..P...##
.........#
#...g@♣♣♣♣......#
.........#
#)..#♣♣ ♣♣P.#.†#
.....#+#.# ###
♣♣###.#
...#....<# #..#
....†...## #.##
.........#######
#.#
...............#
#.#
...............#
##.#
....>..........#
#..#


You could see Crazy Yiuf.

Vanquished Creatures
  Terence (D:2)
  An adder (D:2)
  2 dart slugs (D:2)
  3 endoplasms (D:1)
  3 giant cockroaches
  7 goblins
  8 hobgoblins
  7 jackals
  A quokka (D:1)
  6 ball pythons
  6 bats
  A frilled lizard (D:1)
  4 kobolds
  2 rats (D:1)
52 creatures vanquished.

Vanquished Creatures (others)
  A fungus (D:3)
1 creature vanquished.

Grand Total: 53 creatures vanquished

Notes
Turn   | Place    | Note
-------+----------+-------------------------------------------
     0 | D:1      | Dorkslayer the Hill Orc Fighter began the quest for the
                  | Orb.
     0 | D:1      | Reached XP level 1. HP: 19/19 MP: 1/1
   136 | D:1      | Reached XP level 2. HP: 23/27 MP: 2/2
   567 | D:1      | Found a faded altar of an unknown god.
   761 | D:1      | Reached XP level 3. HP: 32/33 MP: 3/3
  1125 | D:2      | Reached skill level 4 in Fighting
  1253 | D:2      | Noticed Terence
  1259 | D:2      | Killed Terence
  1260 | D:2      | Reached skill level 1 in Throwing
  1260 | D:2      | Reached XP level 4. HP: 40/40 MP: 4/4
  1773 | D:3      | Found a runed translucent door.
  1774 | D:3      | Noticed Crazy Yiuf
  1782 | D:3      | HP: 2/40 [Crazy Yiuf (9)]
  1782 | D:3      | Slain by Crazy Yiuf

Illustrated notes

Levels and vault maps discovered:
D:1:      co_arrival_square_in_a_square_in_a_square, layout_basic,
          hellmonk_ecumenical_altar_crossroads
D:2:      layout_basic, uniq_terence
D:3:      layout_basic, serial_shops, shop, uniq_crazy_yiuf_cottage

Skill      XL: |  1  2  3 |
---------------+----------+-----
Axes           | 3 |  3.9
Fighting       | 4 |  4.1
Throwing       | 1 |  1.3
Armour         | |  3.8
Dodging        | |  0.3
Stealth        | |  0.2
Shields        | |  3.8

Action                   |  1- 3 |  4- 6 || total
-------------------------+-------+-------++-------
Melee: War axe           |    94 |    42 ||   136
Throw: Dart              |     1 |     1 ||     2
  Use: Scroll            |     3 |       ||     3
       Potion            |       |     1 ||     1
Armor: Scale mail        |    39 |    29 ||    68
Dodge: Dodged            |    43 |    20 ||    63
Block: Buckler           |    19 |    13 ||    32

Table legend: (Time is in decaauts)
 A = Elapsed time spent in this place.
 B = Non-inter-level travel time spent in this place.
 C = Inter-level travel time spent in this place.
 D = Time resting spent in this place.
 E = Time spent auto-exploring this place.
 F = Levels seen in this place.
 G = Mean time per level.
                   A        B        C        D        E       F      G
               +--------+--------+--------+--------+--------+-----+--------+
         Total |   1828 |   1828 |      0 |      0 |    972 |   3 |  609.3 |
       Dungeon |   1828 |   1828 |      0 |      0 |    972 |   3 |  609.3 |
               +--------+--------+--------+--------+--------+-----+--------+

Top non-repeatable levels by time:
     D:1: 1141 daAuts
     D:2: 602 daAuts
     D:3: 84 daAuts
